 Dungeon Crawl Stone Soup version 0.27-a0-334-g52645efa06 (webtiles) character file.

Game seed: 8086044197506188793

8134 Chiseanne the Fighter (level 11, 0/98 HPs)
             Began as a Demonspawn Wanderer on Feb 13, 2021.
             Was an Initiate of Gozag.
             Slain by a sun demon (20 damage)
             ... summoned by a kobold demonologist
             ... on level 9 of the Dungeon.
             The game lasted 00:54:28 (7700 turns).

Chiseanne the Fighter (Demonspawn Wanderer)         Turns: 7700, Time: 00:54:28

Health: 0/98       AC: 43    Str: 14    XL:     11   Next: 5%
Magic:  11/11      EV: 10    Int: 13    God:    Gozag
Gold:   903        SH:  0    Dex: 15    Spells: 10/10 levels left

rFire    + . .     SeeInvis .   O - +4 battleaxe
rCold    . . .     Faith    .   (shield currently unavailable)
rNeg     . . .     Spirit   .   N - +27 Lear's hauberk
rPois    +         Reflect  .   (helmet currently unavailable)
rElec    .         Harm     .   F - +1 cloak {rCorr}
rCorr    +         Rampage  .   (gloves currently unavailable)
Will     .....                  (boots currently unavailable)
Stlth    ..........             (no amulet)
HPRegen  0.26/turn              c - ring of poison resistance
MPRegen  0.12/turn              x - ring of protection from fire

@: lethally poisoned (0 -> -1)
A: claws 1, rugged brown scales 3, demonic guardian 1, powered by death 2
a: Renounce Religion, Potion Petition, Call Merchant, Bribe Branch


You were on level 9 of the Dungeon.
You worshipped Gozag.
Gozag was pleased with you.
You visited 1 branch of the dungeon, and saw 9 of its levels.
You also visited: Ossuary and Bailey.

You collected 1799 gold pieces.
You spent 117 gold pieces at shops.
You paid 779 gold pieces to Gozag.

Inventory:

Hand Weapons
 a - a +4 dagger of venom
 d - a +4 scythe of venom
 s - a +0 quarterstaff
 v - a +2 glaive
 w - a +0 vorpal shortbow
 G - a +1 flail of protection
 J - a +0 scimitar of flaming
 K - a +2 long sword of freezing
 O - a +4 battleaxe (weapon)
 Q - a +0 scimitar of flaming
Missiles
 f - 58 sling bullets
 j - 150 arrows
 r - 8 boomerangs
 y - 31 poisoned darts (quivered)
 C - 4 silver javelins
 D - 22 bolts
Armour
 i - a +1 leather armour of fire resistance
 q - a +2 scale mail of cold resistance
 u - a +0 helmet
 F - a +1 cloak of preservation (worn)
 N - the +27 Lear's hauberk (worn)
   (You found it in a bailey)
Jewellery
 c - a ring of poison resistance (left claw)
 x - a ring of protection from fire (right claw)
Wands
 p - a wand of flame (14)
 z - a wand of acid (6)
Scrolls
 b - 4 scrolls of amnesia
 e - 6 scrolls of teleportation
 l - a scroll of blinking
 m - 3 scrolls of immolation
 I - 4 scrolls of identify
 P - a scroll of fear
Potions
 g - 6 potions of curing
 h - 2 potions of ambrosia
 k - 4 potions of flight
 n - a potion of might {unknown}
 o - 3 potions of brilliance
 t - 2 potions of haste
 A - 2 potions of lignification
 B - 2 potions of magic
 H - a potion of mutation
 L - a potion of experience {unknown}


   Skills:
 * Level 10.8 Fighting
 - Level 1.0 Staves
 - Level 1.0 Throwing
 * Level 8.8 Armour
 * Level 9.4 Dodging
 - Level 1.0 Evocations


You had 10 spell levels left.
You didn't know any spells.
Your spell library contained the following spells:

 Spells                   Type           Power        Failure   Level
 Corona                   Hex            0%           99%         1
 Freeze                   Ice            0%           99%         1
 Slow                     Hex            0%           100%        2
 Frozen Ramparts          Ice            0%           100%        3
 Ozocubu's Armour         Ice            0%           100%        3
 Hailstorm                Conj/Ice       0%           100%        4
 Summon Ice Beast         Ice/Summ       0%           100%        4
 Haunt                    Necr/Summ      0%           100%        7
 Malign Gateway           Summ/Tloc      0%           100%        7
 Monstrous Menagerie      Summ           0%           100%        7
 Summon Horrible Things   Summ           0%           100%        8


Dungeon Overview and Level Annotations

Branches:
Dungeon (9/15)             Temple (0/1) D:7         Ossuary (visited)
 Bailey (visited)
   Lair: D:8-11         Orc: D:9-12

Altars:
Fedhas
Gozag
Hepliaklqana
Okawaru
Sif Muna
Trog
The Shining One

Shops:
D:5 !   D:9 (

Annotations:
D:5 1 runed translucent door, Glundar's ghost, novice HOFi


Innate Abilities, Weirdness & Mutations

You have sharp fingernails.
You are completely covered in rugged brown scales. (AC +3, +7% HP)
A weak demonic guardian rushes to your aid.
You regenerate health from kills.


Message History

The kobold brigand hits you but does no damage.
The kobold brigand barely misses you. The sun demon closely misses you.
The kobold demonologist hits you but does no damage.
The red devil hits you from afar with a +0 trident!
A demonic guardian appears!
You hit the kobold demonologist but do no damage.
The kobold demonologist is moderately wounded.
You barely miss the kobold brigand. You hit the sun demon.
Your Lear's hauberk prevents you from hitting the kobold brigand.
You hit the ice devil but do no damage. The sun demon hits you!
You are engulfed in flames.
You resist.
The ice devil hits you but does no damage.
The kobold brigand barely misses you.
The kobold brigand hits you with a +0 whip.
The kobold demonologist looks braver for a moment.
Your shadow imp barely misses the kobold demonologist.
The red devil hits you but does no damage.
The sun demon hits you.
You are engulfed in flames.
You resist. The ice devil barely misses you.
The kobold brigand hits you but does no damage.
The kobold brigand closely misses you.
You hit the kobold demonologist but do no damage.
The kobold demonologist is lightly wounded.
You slash the ice devil! You hit the kobold brigand.
You barely miss the sun demon. You barely miss the kobold brigand.
You feel sick.
The kobold demonologist hits you but does no damage.
Your shadow imp closely misses the kobold demonologist.
The sun demon hits you!
* * * LOW HITPOINT WARNING * * *
You are engulfed in flames!
You resist.
* * * LOW HITPOINT WARNING * * *
The red devil barely misses you.
The ice devil hits you but does no damage.
The kobold brigand barely misses you.
The kobold brigand hits you but does no damage.
The kobold demonologist closely misses you.
The sun demon hits you!!
You die...
Your body crumbles into a pile of gold.

...#####.......[..........
.................#######..
.................+...[.#..
..................#.....#..
..................#.....#..
......##'###.....'.....'..
###'####..5.+.....#.....#.#
#........K4.#.....'.....#.'
#.....$.5K@.#....<#.....#.#
#.......43K.#.....#.....#.#
............#.....#.....#.#
.####.####..#.....#######..
... #.##...... ... #....
#.......>. ... #....
#....####' .. ..... .....
.. .#.. ....#


You could see a sun demon (summoned), an ice devil (summoned), a kobold
demonologist (ally target), a red devil (summoned), 2 kobold brigands, a crimson
imp (summoned) and a friendly shadow imp (summoned).

Vanquished Creatures
  Harold (D:7)
  A two-headed ogre (D:8)
  A kobold demonologist (D:9)
  A polar bear (D:8)
  A troll (D:9)
  Sigmund (D:2)
  A yak (D:8)
  A ynoxinul (D:9)
  5 ice beasts
  8 orc warriors (Bailey)
  A sky beast (D:6)
  A black bear (D:8)
  A necrophage (D:5)
  5 ogres
  3 centaurs
  A phantom (D:4)
  4 kobold brigands
  A bullfrog (D:8)
  An elf zombie (Ossuary)
  3 scorpions
  3 electric eels (D:8)
  7 wights (D:8)
  4 howler monkeys
  5 centaur zombies
  A quasit (D:6)
  A wyvern simulacrum (D:8)
  4 jellies
  2 human zombies (Ossuary)
  A bullfrog zombie (D:7)
  An orc priest (D:8)
  3 bullfrog skeletons
  4 hounds
  3 iguanas
  8 worker ants
  An orc wizard (D:5)
  2 centaur simulacra (D:8)
  2 hound zombies (Ossuary)
  3 mummies (Ossuary)
  2 worker ant zombies (D:7)
  13 gnolls
  4 adders
  5 white imps
  2 ufetubi
  6 adder zombies
  2 worms
  3 dart slugs
  An adder simulacrum (D:8)
  4 leopard geckos
  46 orcs
  4 giant cockroaches
  25 goblins
  21 hobgoblins
  6 jackals
  A quokka (D:8)
  8 bats (D:1)
  4 frilled lizards
  A gnoll zombie (Ossuary)
  A goblin zombie (Ossuary)
  5 hobgoblin zombies (Ossuary)
  7 jackal zombies
  18 kobolds
  3 kobold zombies (Ossuary)
  A leopard gecko simulacrum (D:8)
  An orc zombie (Ossuary)
  A quokka skeleton (D:5)
  4 rats (D:1)
  5 rat zombies (Ossuary)
301 creatures vanquished.

Vanquished Creatures (collateral kills)
  An orc warlord (Bailey)
  4 orc warriors (Bailey)
  A jelly (D:7)
  An ufetubus (D:8)
  An orc (Bailey)
  A goblin (Bailey)
  2 hobgoblins (Bailey)
  A kobold (D:8)
12 creatures vanquished.

Vanquished Creatures (others)
  An orc warrior (Bailey)
  A wight (D:8)
  An orc (Bailey)
3 creatures vanquished.

Grand Total: 316 creatures vanquished

Notes
Turn   | Place    | Note
-------+----------+-------------------------------------------
     0 | D:1      | Chiseanne the Demonspawn Wanderer began the quest for the
                  | Orb.
     0 | D:1      | Chiseanne set off with the following items: a +0
                  | quarterstaff, a +2 leather armour, a wand of random effects
                  | (15)
     0 | D:1      | Reached XP level 1. HP: 19/19 MP: 1/1
   181 | D:1      | Gained mutation: You regenerate a little health from kills.
                  | [demonic ancestry]
   181 | D:1      | Reached XP level 2. HP: 23/25 MP: 2/2
   672 | D:1      | Gained mutation: You are partially covered in rugged brown
                  | scales. (AC +1, +3% HP) [demonic ancestry]
   672 | D:1      | Reached XP level 3. HP: 26/31 MP: 3/3
   908 | D:2      | Noticed Sigmund
  1188 | D:4      | Noticed an ogre
  1203 | D:3      | Killed an ogre
  1204 | D:3      | Reached skill level 5 in Fighting
  1204 | D:3      | Gained mutation: You are mostly covered in rugged brown
                  | scales. (AC +2, +5% HP) [demonic ancestry]
  1204 | D:3      | Reached XP level 4. HP: 30/40 MP: 4/4
  1275 | D:4      | Found an iron altar of Okawaru.
  1280 | D:4      | Found a sand-covered staircase.
  1293 | Ossuary  | Entered an ossuary
  1340 | Ossuary  | Reached XP level 5. HP: 27/46 MP: 5/5
  1647 | Ossuary  | Gained mutation: You are completely covered in rugged brown
                  | scales. (AC +3, +7% HP) [demonic ancestry]
  1647 | Ossuary  | Reached XP level 6. HP: 47/55 MP: 6/6
  1863 | Ossuary  | Reached skill level 6 in Fighting
  2347 | D:4      | Gained mutation: You have sharp fingernails. [demonic
                  | ancestry]
  2347 | D:4      | Reached XP level 7. HP: 60/62 MP: 7/7
  2430 | D:4      | Found a glowing golden altar of the Shining One.
  2636 | D:2      | Killed Sigmund
  2637 | D:2      | Reached skill level 5 in Dodging
  2821 | D:2      | Found a blossoming altar of Fedhas.
  2961 | D:5      | Entered Level 5 of the Dungeon
  3288 | D:5      | Gained mutation: You regenerate health from kills. [demonic
                  | ancestry]
  3288 | D:5      | Reached XP level 8. HP: 67/69 MP: 8/8
  3326 | D:5      | Found a runed translucent door.
  3326 | D:5      | Noticed Glundar's ghost (novice HOFi)
  3345 | D:5      | Reached skill level 7 in Fighting
  3473 | D:5      | Found Waxzisch's Distillery.
  3512 | D:5      | Bought a potion of attraction for 39 gold pieces
  3512 | D:5      | Bought a potion of curing for 39 gold pieces
  3512 | D:5      | Bought a potion of lignification for 39 gold pieces
  4428 | D:6      | Reached skill level 5 in Armour
  4658 | D:7      | Found a hazy altar of Hepliaklqana.
  4728 | D:7      | Reached skill level 8 in Fighting
  4862 | D:7      | Found an opulent altar of Gozag.
  4890 | D:7      | Became a worshipper of Gozag Ym Sagoz the Greedy
  4899 | D:7      | Found a staircase to the Ecumenical Temple.
  4927 | D:7      | Gained mutation: A weak demonic guardian rushes to your
                  | aid. [demonic ancestry]
  4927 | D:7      | Reached XP level 9. HP: 72/79 MP: 9/9
  5135 | D:7      | Noticed Harold
  5160 | D:7      | Killed Harold
  5161 | D:7      | Reached skill level 9 in Fighting
  5476 | D:8      | Noticed a two-headed ogre
  5529 | D:8      | Killed a two-headed ogre
  5751 | D:8      | Reached XP level 10. HP: 70/83 MP: 10/10
  5897 | D:8      | Found a flagged portal.
  5924 | Bailey   | Entered a bailey
  6476 | Bailey   | Noticed an orc warlord
  6495 | Bailey   | Killed an orc warlord
  6496 | Bailey   | Reached skill level 10 in Fighting
  6527 | Bailey   | Found the +27 Lear's hauberk
  7423 | D:9      | Found a bloodstained altar of Trog.
  7531 | D:9      | Reached XP level 11. HP: 98/98 MP: 11/11
  7532 | D:9      | Found a shimmering blue altar of Sif Muna.
  7536 | D:9      | Identified Sif Muna's Papyrus of Hexes
  7565 | D:9      | Identified a scroll of acquirement
  7565 | D:9      | Acquired a +0 cloak of preservation
  7688 | D:9      | Noticed a soul eater
  7694 | D:9      | Noticed a sun demon
  7700 | D:9      | Slain by a sun demon

Illustrated notes

Levels and vault maps discovered:
D:1:      dpeg_arrival_shelter, layout_loops_cross
D:2:      layout_rooms, lemuel_coloured_pillars_altar,
          nicolae_dithmenos_through_a_glass_darkly, uniq_jessica, uniq_sigmund
D:3:      layout_basic, kennysheep_cross_room
D:4:      layout_basic, kennysheep_mini, old_standard_altar, enter_ossuary_3
D:5:      layout_layer_cave, ebering_ghost_inner_flame, serial_shops, shop_coins
D:6:      layout_gridville
D:7:      layout_rooms, nzn_hepliaklqana_mist_gate, minmay_temple_entry_tees,
          nicolae_gozag_seed_capital, uniq_harold
D:8:      layout_basic, enter_bailey_3, serial_ice, serial_ice_a, serial_ice_b,
          serial_ice_i, serial_ice_h
D:9:      layout_irregular_city, nzn_overflow_gifts_of_might_and_magic,
          old_standard_altar, serial_shops, shop, minivault_23,
          minmay_three_doors, uniq_pikel

Skill      XL: |  1  2  3  4  5  6  7  8  9 10 |
---------------+-------------------------------+-----
Dodging        | 2 3 4 5 6 8 9 |  9.4
Fighting       | 5 6 8 9 10 | 10.8
Armour         | 2 3 4 5 7 8 |  8.8
Staves         | |  1.0
Throwing       | |  1.0
Evocations     | |  1.0

Action                   |  1- 3 |  4- 6 |  7- 9 | 10-12 || total
-------------------------+-------+-------+-------+-------++-------
Melee: Quarterstaff      |    64 |   191 |   133 |    19 ||   407
       Dagger            |    19 |    41 |   347 |   312 ||   719
       Scythe            |       |       |    17 |     8 ||    25
       Battleaxe         |       |       |       |    68 ||    68
       Glaive            |       |       |       |    14 ||    14
 Fire: Shortbow          |       |       |       |     3 ||     3
Throw: Boomerang         |       |       |    21 |     8 ||    29
       Throwing net      |       |       |     2 |       ||     2
       Dart              |       |       |       |     3 ||     3
Invok: Call Merchant     |       |       |       |     1 ||     1
Evoke: Wand              |       |       |     3 |    24 ||    27
  Use: Scroll            |     6 |       |     8 |     2 ||    16
       Potion            |       |     3 |     1 |     2 ||     6
 Stab: Sleeping          |     1 |       |       |       ||     1
       Held in net/web   |       |       |     3 |       ||     3
       Distracted        |       |       |     1 |     9 ||    10
Armor: Leather armour    |    21 |     1 |    24 |       ||    46
       Scale mail        |     6 |   150 |   300 |    85 ||   541
       Chain mail        |       |       |       |   262 ||   262
Dodge: Dodged            |    69 |   172 |   396 |   323 ||   960

Table legend: (Time is in decaauts)
 A = Elapsed time spent in this place.
 B = Non-inter-level travel time spent in this place.
 C = Inter-level travel time spent in this place.
 D = Time resting spent in this place.
 E = Time spent auto-exploring this place.
 F = Levels seen in this place.
 G = Mean time per level.
                   A        B        C        D        E       F      G
               +--------+--------+--------+--------+--------+-----+--------+
         Total |   7845 |   7393 |    452 |   1629 |    615 |  11 |  713.2 |
       Dungeon |   6407 |   5955 |    452 |   1167 |    615 |   9 |  711.9 |
       Ossuary |    768 |    768 |      0 |    330 |      0 |   1 |  768.0 |
        Bailey |    668 |    668 |      0 |    132 |      0 |   1 |  668.0 |
               +--------+--------+--------+--------+--------+-----+--------+

Top non-repeatable levels by time:
     D:8: 1269 daAuts
     D:4: 852 daAuts
     D:7: 842 daAuts
     D:5: 820 daAuts
     D:1: 774 daAuts
 Ossuary: 768 daAuts
  Bailey: 668 daAuts
     D:6: 523 daAuts
     D:3: 478 daAuts
     D:2: 436 daAuts
     D:9: 410 daAuts
